 Dungeon Crawl Stone Soup version 0.29.1-12-g30fa7ad0bf (webtiles) character file.

Game seed: 5022198839782458587

44559 wingedge the Reanimator (level 14, -7/99 HPs)
             Began as a Human Earth Elementalist on Dec 11, 2022.
             Was a High Priest of Hepliaklqana.
             Mangled by a minotaur
             ... wielding a +4 broad axe of flaming
              (12 damage)
             ... in a Gauntlet on Dec 12, 2022.
             The game lasted 01:41:02 (24395 turns).

wingedge the Reanimator (Human Earth Elementalist) Turns: 24395, Time: 01:41:02

Health: -7/99      AC:  8    Str: 10    XL:     14   Next: 66%
Magic:  13/28      EV: 15    Int: 20    God:    Hepliaklqana [*****.]
Gold:   914        SH:  4    Dex: 22    Spells: 1/33 levels left

rFire   . . .      SeeInvis .   b - +1 hand crossbow
rCold   . . .      Faith    .   g - +0 buckler
rNeg    . . .      Spirit   .   S - +0 robe {Will+}
rPois   .          Reflect  .   C - +1 helmet
rElec   .          Harm     .   Q - +1 cloak {Will+}
rCorr   .          Rampage  .   y - +0 pair of fencer's gloves {Riposte Dex+3}
Will    +++..      NoTele   +   i - +0 pair of boots
Stlth   ++........              l - amulet of regeneration
HPRegen 1.06/turn               F - +6 ring of dexterity
MPRegen 0.21/turn               N - ring of wizardry

@: no status effects
A: reduced essence
a: Renounce Religion, Recall Ancestor, Ancestor Identity, Transference, Idealise


You were in a Gauntlet.
You worshipped Hepliaklqana.
Hepliaklqana was extremely pleased with you.
You visited 3 branches of the dungeon, and saw 17 of its levels.
You also visited: Ossuary, Bailey and Gauntlet.

You collected 977 gold pieces.
You spent 63 gold pieces at shops.

Inventory:

Hand Weapons
 a - a +5 scimitar of flaming
 b - a +1 hand crossbow (weapon)
 c - a +5 scimitar of freezing
Missiles
 f - a throwing net
Armour
 g - a +0 buckler (worn)
 i - a +0 pair of boots (worn)
 j - the +6 scale mail of Twilight {Contam rPois rN++ SInv}
   (You found it in a bailey)

   rPois:     It protects you from poison.
   rN:        It greatly protects you from negative energy.
   SInv:      It lets you see invisible.
   Contam:    It causes magical contamination when unequipped.
 y - the +0 pair of fencer's gloves (worn) {Riposte Dex+3}
   (You found it in a bailey)

   It allows the wearer to riposte with melee weapons, swiftly retaliating
   against missed or blocked melee attacks.
   Dex:       It affects your dexterity (+3).
 C - a +1 helmet (worn)
 Q - a +1 cloak of willpower (worn)
 S - a +0 robe of willpower (worn)
 V - a +0 troll leather armour
 W - a +1 leather armour of cold resistance
Jewellery
 l - an amulet of regeneration (around neck)
 F - a +6 ring of dexterity (left hand)
 J - a ring of poison resistance
 N - a ring of wizardry (right hand)
 T - the ring of Wesua {Fire Str+3}
   (You found it in a Gauntlet)

   [ring of fire]

   It enhances your fire magic.
   Str:       It affects your strength (+3).
   rF:        It protects you from fire.
   rC:        It makes you vulnerable to cold.
Wands
 q - a wand of light (4)
 s - a wand of polymorph (12)
 A - a wand of iceblast (12)
 E - a wand of paralysis (11)
 P - a wand of flame (6)
Scrolls
 h - 5 scrolls of vulnerability
 m - a scroll of amnesia
 u - a scroll of immolation
 v - a scroll of butterflies
 w - 6 scrolls of fear
 D - 3 scrolls of silence
 G - 6 scrolls of teleportation
 H - a scroll of summoning
 I - a scroll of identify
 Y - a scroll of poison {unknown}
Potions
 d - a potion of berserk rage {unknown}
 e - 4 potions of brilliance
 k - a potion of heal wounds
 n - 8 potions of attraction
 o - 2 potions of cancellation {unknown}
 p - 3 potions of curing
 r - 3 potions of degeneration {unknown}
 t - a potion of ambrosia {unknown}
 x - 3 potions of haste {unknown}
 z - 5 potions of might {unknown}
 B - 4 potions of lignification {unknown}
 K - 2 potions of flight {unknown}
 L - 3 potions of invisibility {unknown}
 M - 3 potions of magic
 R - 7 potions of mutation
 U - a potion of resistance {unknown}
Miscellaneous
 O - a box of beasts (inert)
 X - a condenser vane (inert)


   Skills:
 - Level 10.0 Fighting
 - Level 3.0 Long Blades
 - Level 5.0 Ranged Weapons
 - Level 5.0 Dodging
 - Level 2.0 Stealth
 - Level 10.0 Spellcasting
 + Level 7.9 Conjurations
 + Level 2.9 Hexes
 + Level 11.6 Necromancy
 + Level 2.9 Translocations
 - Level 8.0 Transmutations
 - Level 8.0 Earth Magic
 + Level 4.0 Invocations


You had one spell level left.
You knew the following spells:

 Your Spells              Type           Power      Damage    Failure   Level
a - Irradiate             Conj/Tmut      20%        3d18      4%          5
b - Stone Arrow           Conj/Erth      82%        3d12      1%          3
c - Death Channel         Necr           27%        N/A       4%          6
d - Animate Dead          Necr           54%        N/A       1%          4
i - Wereblood             Tmut           42%        N/A       1%          2
j - Borgnjor's Vile Clut  Necr/Erth      24%        N/A       1%          5
t - Portal Projectile     Hex/Tloc       42%        N/A       3%          3
u - Dispel Undead         Necr           54%        3d20      1%          4

Your spell library contained the following spells:

 Spells                   Type           Power      Damage    Failure   Level
 Necrotise                Necr           100%       1d9       1%          1
 Sandblast                Erth           84%        2d18      1%          1
 Slow                     Hex            84%        N/A       1%          1
 Blink                    Tloc           42%        N/A       1%          2
 Passwall                 Tmut/Erth      35%        N/A       1%          2
 Sublimation of Blood     Necr           54%        N/A       1%          2
 Vampiric Draining        Necr           54%        2d9       1%          3
 Petrify                  Tmut/Erth      42%        N/A       1%          4
 Agony                    Necr           54%        N/A       1%          5
 Confusing Touch          Hex            21%        N/A       3%          3
 Lesser Beckoning         Tloc           21%        N/A       3%          3
 Leda's Liquefaction      Hex/Erth       15%        N/A       4%          4
 Corpse Rot               Necr/Pois/Air  25%        N/A       8%          4
 Call Canine Familiar     Summ           10%        N/A       12%         3
 Frozen Ramparts          Ice            20%        1d4       12%         3
 Manifold Assault         Tloc           21%        N/A       30%         5
 Summon Ice Beast         Ice/Summ       10%        N/A       34%         4
 Summon Mana Viper        Hex/Summ       15%        N/A       47%         5
 Necromutation            Tmut/Necr      24%        N/A       98%         8
 Storm Form               Tmut/Air       13%        N/A       99%         7
 Malign Gateway           Summ/Tloc      7%         N/A       100%        7
 Monstrous Menagerie      Summ           5%         N/A       100%        7
 Summon Hydra             Summ           5%         N/A       100%        7
 Summon Horrible Things   Summ           5%         N/A       100%        8


Dungeon Overview and Level Annotations

Branches:
Dungeon (14/15)            Temple (1/1) D:5            Lair (2/5) D:11
 Spider (0/4) Lair:2          Orc (0/2) D:9         Ossuary (visited)
 Bailey (visited)         Gauntlet (1/1)
  Swamp: Lair:2-3    Shoals: Lair:2-3    Vaults: D:13-14

Altars:
Ashenzari
Cheibriados
Dithmenos
Elyvilon
Fedhas
Gozag
Hepliaklqana
Kikubaaqudgha
Makhleb
Nemelex Xobeh
Okawaru
Qazlal
Ru
Sif Muna
Trog
Uskayaw
Vehumet
Wu Jian
Xom
Yredelemnul
Zin
The Shining One

Shops:
D:4 (   D:8 (   D:11 (

Portals:
Trove: D:13 (give 2 scrolls of acquirement)

Annotations:
D:13 3 transporters Gauntlet 3 transporters, exclusion: orange crystal statue


Message History

The minotaur burns your wizard zombie.
Your wizard zombie is destroyed!
The minotaur gores you.
Unknown command.
Clouds of noxious fumes condense around you!
The condenser dries out!
The minotaur is engulfed in noxious fumes.
The minotaur hits you with a +4 broad axe of flaming!!
The minotaur burns you.
* * * LOW HITPOINT WARNING * * *
The minotaur misses you.
Unknown command.
Press: ? - help, v - describe, . - travel
Here: a minotaur, wielding a +4 broad axe of flaming, wearing quicksilver dragon scales, wearing a +0 kite shield of reflection, wearing a +6 ring of intelligence and quivering silver javelins (noxious fumes, moderately wounded, blind, reflecting blocked projectiles)
The floor, spattered with blood.
The minotaur is engulfed in noxious fumes.
The minotaur is no longer blind.
Aiming: Bolt of Light
Press: ? - help, Shift-Dir - straight line, f/p - minotaur
Aim: a minotaur, wielding a +4 broad axe of flaming, wearing quicksilver dragon scales, wearing a +0 kite shield of reflection, wearing a +6 ring of intelligence and quivering silver javelins (moderately wounded, reflecting blocked projectiles, 83% to hit)
The bolt of light hits the minotaur but does no damage.
The minotaur is moderately wounded.
The minotaur is blinded.
The minotaur misses you. The minotaur closely misses you.
Unknown command.
You feel much better.
The minotaur hits you with a +4 broad axe of flaming!
The minotaur burns you!
The minotaur gores you but does no damage.
Casting: Borgnjor's Vile Clutch (dangerous; 1% risk of failure)
Confirm with . or Enter, or press ? or * to list all spells.
Aiming: Borgnjor's Vile Clutch (dangerous; 1% risk of failure)
Press: ? - help, Shift-Dir - straight line, f/p - minotaur
Aim: a minotaur, wielding a +4 broad axe of flaming, wearing quicksilver dragon scales, wearing a +0 kite shield of reflection, wearing a +6 ring of intelligence and quivering silver javelins (moderately wounded, blind, reflecting blocked projectiles, 100% to hit)
Zombie hands grab the minotaur.
The zombie hands constrict the minotaur.
The minotaur hits you with a +4 broad axe of flaming!!
* * * LOW HITPOINT WARNING * * *
The minotaur burns you!
You die...

§...............≈#
8#
8.8.8..©.©..8.8.8#
#
≈...............≈#
##.#.#######.#.###
...#....#.#
#.#.##.#.##.#.#
#.............#
#.#..##'##..#.# #.
#8.8#..#@# ..
#.H.#..H.# ##
#8Z8#.8###
#[.:#### #8.8#
#/R|#


You could see a minotaur (blind, clutched, reflecting).

Vanquished Creatures
  An ironbound preserver (D:13)
  Erolcha (D:10)
  2 boulder beetles
  3 hydras
  6 centaur warriors
  2 two-headed ogres
  Urug (D:12)
  Nergalle (D:12)
  5 skeletal warriors
  A manticore (D:12)
  2 ugly things
  Maurice (D:13)
  A black mamba (Lair:1)
  An eye of devastation (Gauntlet)
  2 gargoyles
  An unseen horror (D:11)
  6 cane toads
  4 kobold demonologists (D:12)
  A guardian mummy (D:13)
  2 tengu conjurers (D:13)
  3 komodo dragons
  A queen bee (shapeshifter) (D:14)
  A meliai (shapeshifter) (D:14)
  8 trolls
  2 hornets (D:9)
  2 shadows
  A culicivora (Lair:2)
  3 yaks
  A vampire (Bailey)
  4 basilisks
  A wraith (D:11)
  A vampire mosquito (D:11)
  2 acid dragons
  4 water moccasins
  2 orc warriors (D:7)
  2 black bears
  An ice beast (D:6)
  2 sky beasts
  11 centaurs
  An ogre (D:5)
  4 wolves (Lair:1)
  A phantom (D:6)
  4 kobold brigands
  4 bullfrogs
  3 necrophages
  A gnoll sergeant (D:8)
  4 scorpions
  7 wights
  5 killer bees
  5 vampire bats (Bailey)
  5 howler monkeys
  3 wolf zombies (Bailey)
  3 electric eels
  2 orc priests (D:7)
  4 hounds
  A jelly (D:6)
  Crazy Yiuf (D:4)
  An iron imp (D:7)
  5 iguanas
  4 orc wizards
  A mummy (Ossuary)
  9 gnolls
  7 adders
  4 shadow imps
  2 ufetubi (D:5)
  2 worms
  2 dart slugs
  19 orcs
  5 ball pythons
  9 endoplasms
  5 giant cockroaches
  12 gnoll zombies (Ossuary)
  4 hobgoblins (D:1)
  4 quokkas
  7 bats
  2 bat simulacra (Ossuary)
  A frilled lizard (D:1)
  4 goblins
  4 goblin simulacra (Ossuary)
  4 goblin zombies (Ossuary)
  6 hobgoblin zombies (Ossuary)
  16 kobolds
  2 kobold simulacra (Ossuary)
  2 kobold zombies (Ossuary)
  17 orc zombies
  3 rats (D:1)
  3 spectral goblins (Ossuary)
  3 spectral kobolds (Ossuary)
  4 spectral rats (Ossuary)
327 creatures vanquished.

Vanquished Creatures (collateral kills)
  A hydra (D:9)
  Fannar (D:11)
  3 centaur warriors
  2 skeletal warriors (D:11)
  2 wizards
  5 ugly things (D:14)
  A manticore (D:14)
  2 cyclopes
  A cane toad (Lair:1)
  A kobold demonologist (D:12)
  A tengu conjurer (D:13)
  2 komodo dragons
  A polar bear (Lair:2)
  2 trolls (D:9)
  2 shadows (Gauntlet)
  A spriggan (shapeshifter) (D:13)
  3 jumping spiders (Lair:2)
  A culicivora (Lair:2)
  A wraith (D:11)
  6 yaks
  A wyvern (D:9)
  A basilisk (D:14)
  A steam dragon (D:8)
  A vampire mosquito (D:11)
  4 water moccasins
  2 floating eyes (Gauntlet)
  An orc warrior (D:9)
  4 centaurs
  6 kobold brigands (D:12)
  A bullfrog (D:9)
  4 wights
  10 killer bees
  4 vampire bats (Bailey)
  2 howler monkeys
  An electric eel (D:10)
  4 wolf zombies (Bailey)
  3 orc wizards
  A gnoll (D:8)
  A shadow imp (Gauntlet)
  6 orcs
  3 kobolds
  3 training dummies (D:11)
  A hobgoblin zombie (Ossuary)
  A kobold simulacrum (Ossuary)
  7 orc zombies
  A rat simulacrum (Ossuary)
  A spectral goblin (Ossuary)
  A spectral kobold (Ossuary)
  2 spectral rats (Ossuary)
  A butterfly (Lair:1)
118 creatures vanquished.

Vanquished Creatures (others)
  2 ugly thing zombies (D:14)
  2 human zombies
  A hydra zombie (D:12)
  A wyvern zombie (D:9)
  5 yak zombies
  A spriggan zombie (D:13)
  2 tengu zombies (D:13)
  A centaur zombie (D:9)
  8 knights
  5 killer bee zombies
  2 ancestors (D:7)
  4 orc zombies (D:11)
  An orc (D:7)
  A kobold (D:12)
  6 kobold zombies
  3 fungi
  3 plants
  25 withered plants
73 creatures vanquished.

Grand Total: 518 creatures vanquished

Notes
Turn   | Place    | Note
-------+----------+-------------------------------------------
     0 | D:1      | wingedge the Human Earth Elementalist began the quest for
                  | the Orb.
     0 | D:1      | Reached XP level 1. HP: 13/13 MP: 3/3
   119 | D:1      | Reached skill level 1 in Fighting
   119 | D:1      | Reached XP level 2. HP: 10/22 MP: 0/5
   511 | D:1      | Reached XP level 3. HP: 27/27 MP: 6/6
   783 | D:1      | Learned a level 3 spell: Stone Arrow
  1641 | D:2      | Reached skill level 1 in Conjurations
  1641 | D:2      | Reached XP level 4. HP: 24/33 MP: 1/8
  2390 | D:3      | Noticed a necrophage
  2397 | D:3      | Killed a necrophage
  2398 | D:3      | Reached XP level 5. HP: 15/38 MP: 5/9
  2901 | D:3      | Found a faded altar of an unknown god.
  3275 | D:3      | Found a glowing silver altar of Zin.
  3631 | D:4      | Reached XP level 6. HP: 44/44 MP: 1/11
  3726 | D:4      | Found a runed translucent door.
  3727 | D:4      | Noticed Crazy Yiuf
  4004 | D:4      | Found Erphuk Desty's Weapon Shoppe.
  4530 | D:4      | Found a sacrificial altar of Ru.
  4660 | D:4      | Killed Crazy Yiuf
  4770 | D:5      | Entered Level 5 of the Dungeon
  4830 | D:5      | Noticed an ogre
  4831 | D:5      | Found a staircase to the Ecumenical Temple.
  4833 | D:5      | Killed an ogre
  4834 | D:5      | Reached skill level 1 in Necromancy
  4929 | D:5      | Reached skill level 2 in Necromancy
  4929 | D:5      | Reached XP level 7. HP: 50/50 MP: 6/13
  5195 | Temple   | Entered the Ecumenical Temple
  5373 | Temple   | Became a worshipper of Hepliaklqana the Forgotten
  5770 | D:5      | Reached skill level 5 in Spellcasting
  6063 | D:5      | Found a shadowy altar of Dithmenos.
  6067 | D:5      | Found a blossoming altar of Fedhas.
  6072 | D:5      | Found a sparkling altar of Nemelex Xobeh.
  6200 | D:5      | Reached skill level 3 in Necromancy
  6303 | D:5      | Reached XP level 8. HP: 58/58 MP: 8/15
  6361 | D:5      | Learned a level 4 spell: Animate Dead
  6496 | D:6      | Reached skill level 4 in Necromancy
  7030 | D:6      | Reached skill level 5 in Necromancy
  7374 | D:6      | Reached skill level 6 in Necromancy
  7595 | D:6      | Learned a level 4 spell: Dispel Undead
  7601 | D:6      | Learned a level 5 spell: Borgnjor's Vile Clutch
  7610 | D:6      | Reached skill level 5 in Earth Magic
  7816 | D:6      | Reached * piety under Hepliaklqana
  7876 | D:6      | Reached XP level 9. HP: 50/56 MP: 2/16
  8180 | D:7      | Found a snail-covered altar of Cheibriados.
  8298 | D:7      | Found a sand-covered staircase.
  8303 | Ossuary  | Entered an ossuary
 10871 | D:8      | Reached ** piety under Hepliaklqana
 10872 | D:8      | Remembered your ancestor Londisizwe as a knight
 11478 | D:8      | Found Korchic's Weapon Boutique.
 11875 | D:8      | Found a burning altar of Makhleb.
 11881 | D:8      | Reached XP level 10. HP: 63/63 MP: 2/19
 11884 | D:8      | Reached skill level 7 in Necromancy
 12187 | D:9      | Found a flagged portal.
 12193 | Bailey   | Entered a bailey
 12297 | Bailey   | Reached skill level 1 in Long Blades
 12382 | Bailey   | Reached skill level 5 in Fighting
 12712 | Bailey   | Noticed a gargoyle
 12715 | Bailey   | Killed a gargoyle
 12879 | Bailey   | Found the +0 pair of fencer's gloves {Riposte Dex+3}
 12881 | Bailey   | Identified the +1 leather armour "Oradupsay" {Harm rF+ rC-}
 13382 | Bailey   | Identified the +6 scale mail of Twilight {Contam rPois rN++
                  | SInv}
 13481 | D:9      | Reached *** piety under Hepliaklqana
 13493 | D:9      | Reached skill level 8 in Necromancy
 13493 | D:9      | Reached skill level 1 in Invocations
 13630 | D:9      | Reached skill level 9 in Necromancy
 13770 | D:9      | Reached XP level 11. HP: 54/72 MP: 9/20
 13937 | D:9      | Noticed a two-headed ogre
 13944 | D:9      | Noticed a cyclops
 13968 | D:9      | Noticed a four-headed hydra
 13977 | D:9      | Killed a four-headed hydra
 13978 | D:9      | Reached skill level 5 in Dodging
 13984 | D:9      | Killed a cyclops
 13985 | D:9      | Reached skill level 10 in Necromancy
 14182 | D:9      | Killed a two-headed ogre
 14280 | D:9      | Found a staircase to the Orcish Mines.
 14311 | D:9      | Got the Precepts of Reshaped Hypothermia
 14646 | D:9      | Identified a scroll of acquirement
 14647 | D:9      | Acquired a book of Blood
 14652 | D:9      | Learned a level 2 spell: Wereblood
 15162 | D:9      | Noticed a seven-headed hydra
 15176 | D:9      | Killed a seven-headed hydra
 15354 | D:10     | Entered Level 10 of the Dungeon
 15354 | D:10     | Noticed Erolcha
 15358 | D:10     | Reached skill level 11 in Necromancy
 15362 | D:10     | Killed Erolcha
 15441 | D:10     | Found a radiant altar of Vehumet.
 15530 | D:10     | Reached **** piety under Hepliaklqana
 15983 | D:10     | Found a glowing golden altar of the Shining One.
 16674 | D:10     | Found a white marble altar of Elyvilon.
 16979 | D:10     | Upgraded the game from 0.29.1-4-g47bece8355 to
                  | 0.29.1-12-g30fa7ad0bf
 16981 | D:11     | Found Meosehij's Firing Range.
 16992 | D:11     | Bought a +0 hand crossbow for 63 gold pieces
 17133 | D:11     | Noticed a cyclops
 17153 | D:11     | Killed a cyclops
 17165 | D:11     | Noticed Fannar
 17180 | D:11     | Killed Fannar
 17181 | D:11     | Reached skill level 5 in Conjurations
 17181 | D:11     | Reached XP level 12. HP: 80/80 MP: 10/21
 17245 | D:11     | Noticed a skeletal warrior
 17247 | D:11     | Noticed a skeletal warrior
 17249 | D:11     | Noticed a skeletal warrior
 17251 | D:11     | Noticed a skeletal warrior
 17252 | D:11     | Killed a skeletal warrior
 17255 | D:11     | Killed a skeletal warrior
 17256 | D:11     | Reached skill level 1 in Ranged Weapons
 17257 | D:11     | Killed a skeletal warrior
 17259 | D:11     | Killed a skeletal warrior
 17451 | D:11     | Reached skill level 5 in Transmutations
 17620 | D:11     | Noticed a centaur warrior
 17620 | D:11     | Noticed a centaur warrior
 17636 | D:11     | Killed a centaur warrior
 17642 | D:11     | Killed a centaur warrior
 18075 | D:11     | You fall into a shaft and drop 3 floors!
 18105 | D:14     | Noticed a centaur warrior
 18112 | D:14     | Killed a centaur warrior
 18252 | D:13     | Noticed a two-headed ogre
 18252 | D:13     | Noticed a seven-headed hydra
 18254 | D:13     | Noticed a six-headed hydra
 18306 | D:14     | Noticed a centaur warrior
 18312 | D:14     | Killed a centaur warrior
 18342 | D:14     | Reached XP level 13. HP: 7/91 MP: 0/23
 18347 | D:14     | Reached skill level 10 in Fighting
 18736 | D:14     | Found an ancient bone altar of Kikubaaqudgha.
 18742 | D:14     | Noticed a centaur warrior
 18750 | D:14     | Killed a centaur warrior
 18962 | D:14     | Reached ***** piety under Hepliaklqana
 18971 | D:14     | Found the +4 robe of Folly {Brilliance Will-∞ Int+8}
 19077 | D:14     | Learned a level 5 spell: Irradiate
 19437 | D:14     | Noticed a boulder beetle
 19450 | D:14     | Killed a boulder beetle
 19628 | D:14     | Noticed a centaur warrior
 19633 | D:14     | Killed a centaur warrior
 19761 | D:14     | Noticed a centaur warrior
 19769 | D:14     | Killed a centaur warrior
 20233 | D:13     | Found an ornate altar of the Wu Jian Council.
 20233 | D:13     | Found a transporter.
 20253 | D:13     | Found a transporter.
 20273 | D:13     | Noticed a centaur warrior
 20295 | D:13     | Killed a centaur warrior
 20298 | D:13     | Killed a seven-headed hydra
 20434 | D:13     | Found a transporter.
 20434 | D:13     | Noticed a vault guard
 20435 | D:13     | Noticed a vault guard
 20498 | D:13     | Noticed Maurice
 20503 | D:13     | Killed Maurice
 20554 | D:13     | Found a portal to a secret trove of treasure.
 20748 | D:13     | Learned a level 6 spell: Death Channel
 20825 | D:13     | Noticed an ironbound preserver
 20834 | D:13     | Killed an ironbound preserver
 21243 | D:12     | Noticed an eight-headed hydra
 21247 | D:12     | Killed an eight-headed hydra
 21248 | D:12     | Reached XP level 14. HP: 27/99 MP: 13/27
 21722 | D:12     | Learned a level 3 spell: Portal Projectile
 22088 | D:12     | Reached skill level 1 in Translocations
 22088 | D:12     | Noticed Nergalle
 22091 | D:12     | Killed Nergalle
 22093 | D:12     | Noticed Urug
 22104 | D:12     | Killed Urug
 22105 | D:12     | Reached skill level 1 in Hexes
 22488 | D:11     | Found a staircase to the Lair.
 22558 | Lair:1   | Entered Level 1 of the Lair of Beasts
 23725 | Lair:2   | Found a gate leading to a gauntlet.
 23749 | Lair:2   | Reached skill level 10 in Spellcasting
 23774 | Lair:2   | Reached skill level 5 in Ranged Weapons
 23905 | Gauntlet | Entered a Gauntlet
 23905 | Gauntlet | Found a transporter.
 23905 | Gauntlet | Found a transporter.
 23906 | Gauntlet | Found a transporter.
 23910 | Gauntlet | Found a transporter.
 23911 | Gauntlet | Found a transporter.
 23924 | Gauntlet | Found a transporter.
 23928 | Gauntlet | Found a transporter.
 23942 | Gauntlet | Found a transporter.
 23950 | Gauntlet | Found a transporter.
 24081 | Gauntlet | Got the Atlas of the Spider and Shapes
 24349 | Gauntlet | Identified the ring of Wesua {Fire Str+3}
 24374 | Gauntlet | Noticed a minotaur
 24395 | Gauntlet | Mangled by a minotaur

Illustrated notes

Levels and vault maps discovered:
D:1:      evilmike_arrival_hilbert_curve, layout_loops_ring, minmay_domino_2
D:2:      minmay_recursive_quarters, layout_loops_cross
D:3:      layout_basic, mainiacjoe_overflow_alcove_4,
          shapermc_ecumenical_altar_totnotflames
D:4:      layout_loops_ring, mainiacjoe_overflow_cross_hatched, serial_shops,
          shop, uniq_crazy_yiuf_cottage
D:5:      layout_loops_ring, grunt_temple_overflow_diamond,
          minmay_temple_entry_large_hall, gup_sewer_entry_glass
D:6:      layout_rooms, small_statue_intersection
D:7:      layout_loops_ring, slow_altar_2,
          nicolae_ossuary_entry_false_entrances, kennysheep_donut
D:8:      nicolae_cairo_tiling_very_big, layout_basic, lightli_temple_of_fire,
          serial_shops, shop
D:9:      minmay_s_stair_smasher, layout_loops_corners, enter_bailey_2,
          hex_medium, minmay_diamond_spiral
D:10:     layout_stronghold, general_overflow_altar,
          mainiacjoe_overflow_boulevard, nicolae_elyvilon_temple_path,
          uniq_erolcha
D:11:     minmay_slanted_spiral_squares, layout_rooms, erik_lair_dragon,
          eino_curves_04, nicolae_shop_firing_range, uniq_fannar
D:12:     layout_grid_maze, uniq_nergalle, uniq_urug
D:13:     dreamdust_wu_jian_sword_trials, layout_basic,
          skrybe_vaults_entry_preservation, nicolae_trove_entry_path_of_doom,
          uniq_maurice
D:14:     layout_gridville, kiku_gazebo_garden_becter
Temple:   chequers_temple_sunken
Lair:1:   statuecave_lemuel, layout_long_grid, serial_bayou_crossing,
          lemuel_fruit_fields, grunt_megastairs_3, infiniplex_staircase_pool
Lair:2:   layout_loops_ring, nicolae_spider_entry_tight_spaces,
          gauntlet_entry_generic, fungi_pond_lemuel, grunt_megastairs_4,
          infiniplex_staircase_pool_2, lemuel_fruit_tree
Gauntlet: gammafunk_gauntlet_hard_choice [nicolae_gauntlet_arena_x,
          gammafunk_gauntlet_arena_spirals, nicolae_gauntlet_arena_t_cross,
          nicolae_gauntlet_arena_quarters, gammafunk_gauntlet_arena_hedges,
          gammafunk_gauntlet_arena_grid, nicolae_gauntlet_exit_dead_adventurers]

Skill      XL: |  1  2  3  4  5  6  7  8  9 10 11 12 13 14 |
---------------+-------------------------------------------+-----
Fighting       | 1 2 3 4 6 9 10 | 10.0
Spellcasting   | 3 4 5 6 9 10 | 10.0
Conjurations   | 1 3 5 7 |  7.9
Earth Magic    | 4 5 7 8 |  8.0
Necromancy     | 2 3 6 9 11 | 11.6
Dodging        | 4 5 |  5.0
Long Blades    | 2 3 |  3.0
Invocations    | 2 3 4 |  4.0
Transmutations | 4 5 7 8 |  8.0
Ranged Weapons | 3 5 |  5.0
Translocations | 2 |  2.9
Hexes          | 2 |  2.9
Stealth        | |  2.0

Action                   |  1- 3 |  4- 6 |  7- 9 | 10-12 | 13-15 || total
-------------------------+-------+-------+-------+-------+-------++-------
Melee: Unarmed           |     4 |       |       |       |       ||     4
       Club              |     1 |       |       |       |       ||     1
       Short sword       |     5 |     5 |    36 |     5 |       ||    51
       Scimitar          |       |       |       |    62 |    25 ||    87
       Punch             |       |       |       |     2 |       ||     2
       Hand crossbow     |       |       |       |       |     1 ||     1
 Fire: Sling             |       |    22 |       |       |       ||    22
       Shortbow          |       |       |    88 |    10 |       ||    98
       Hand crossbow     |       |       |       |    37 |   102 ||   139
Throw: Boomerang         |     7 |     4 |     5 |       |       ||    16
 Cast: Sandblast         |    38 |    10 |     1 |       |       ||    49
       Stone Arrow       |     2 |    39 |   148 |    85 |    29 ||   303
       Animate Dead      |       |       |     3 |     6 |     7 ||    16
       Dispel Undead     |       |       |     5 |     7 |       ||    12
       Borgnjor's Vile C |       |       |     2 |    30 |    69 ||   101
       Wereblood         |       |       |       |     2 |     5 ||     7
       Death Channel     |       |       |       |       |     6 ||     6
       Portal Projectile |       |       |       |       |     3 ||     3
Invok: Ancestor Identity |       |       |     1 |       |       ||     1
       Ancestor Life: Kn |       |       |     1 |       |       ||     1
       Recall Ancestor   |       |       |       |     2 |       ||     2
Evoke: Wand              |       |       |     3 |     1 |     4 ||     8
       Box of beasts     |       |       |       |       |     1 ||     1
       Condenser vane    |       |       |       |       |     1 ||     1
  Use: Scroll            |     2 |       |     4 |    15 |     4 ||    25
       Potion            |       |     1 |       |     3 |     4 ||     8
 Stab: Sleeping          |     1 |       |       |       |       ||     1
       Paralysed         |       |       |     4 |       |       ||     4
       Distracted        |       |       |       |     1 |       ||     1
Armor: Robe              |     9 |     9 |    22 |    26 |    19 ||    85
       Leather armour    |       |       |       |     9 |       ||     9
Dodge: Dodged            |    13 |    21 |    54 |    97 |    51 ||   236
Block: Buckler           |       |       |       |       |     7 ||     7
       Rpst.: Scimitar   |       |       |       |    12 |    10 ||    22
